 Dungeon Crawl Stone Soup version 0.30.1-11-g7821555f0a (webtiles) character file.

Game seed: 7001971363489403643

60 SacredBeard the Grave Robber (level 3, -3/25 HPs)
             Began as a Demonspawn Necromancer on Nov 4, 2023.
             Slain by Terence
             ... wielding a +0 flail
              (7 damage)
             ... on level 2 of the Dungeon.
             The game lasted 00:04:03 (1224 turns).

SacredBeard the Grave Robber (DsNe)                 Turns: 1224, Time: 00:04:04

Health: -3/25      AC:  5    Str:  8    XL:     3   Next: 80%
Magic:  2/6        EV: 11    Int: 16    God:
Gold:   83         SH:  0    Dex: 15    Spells: 5/6 levels left

rFire   . . .        a - +0 dagger
rCold   . . .        (no shield)
rNeg    . . .        g - +0 leather armour
rPois   .            (no helmet)
rElec   .            (no cloak)
rCorr   .            (no gloves)
SInv    .            (no boots)
Will    .....        (no amulet)
Stlth   ++           (no ring)
HPRegen 0.24/turn    (no ring)
MPRegen 0.10/turn

%: no passive effects
@: very slightly contaminated
A: slimy green scales 1
a: no special abilities


You were on level 2 of the Dungeon.
You visited 1 branch of the dungeon, and saw 2 of its levels.

You collected 83 gold pieces.

Inventory:

Hand Weapons
 a - a +0 dagger (weapon)
Missiles
 i - 5 silver boomerangs
Armour
 g - a +0 leather armour (worn)
 k - a +0 buckler
Scrolls
 e - 2 scrolls of magic mapping {unknown}
 f - a scroll of blinking {unknown}
 j - a scroll of amnesia {unknown}
 l - 3 scrolls of immolation {unknown}
 m - a scroll of identify {unknown}
Potions
 b - a potion of magic
 c - a potion of attraction {unknown}
 d - a potion of lignification {unknown}
 h - a potion of resistance {unknown}


   Skills:
 + Level 0.9 Fighting
 + Level 0.5 Throwing
 + Level 0.7 Armour
 + Level 2.0 Dodging
 + Level 2.1 Stealth
 + Level 2.2 Spellcasting
 * Level 5.0 Necromancy


You had 5 spell levels left.
You knew the following spells:

 Your Spells              Type           Power      Damage    Failure   Level
a - Necrotise             Necr           72%        1d7       3%          1

Your spell library contained the following spells:

 Spells                   Type           Power      Damage    Failure   Level
 Vampiric Draining        Necr           18%        2d7       11%         3
 Animate Dead             Necr           18%        N/A       34%         4
 Blink                    Tloc           2%         N/A       41%         2
 Lesser Beckoning         Tloc           2%         N/A       41%         2
 Momentum Strike          Conj/Tloc      2%         3d8       41%         2
 Agony                    Necr           18%        N/A       69%         5


Dungeon Overview and Level Annotations

Branches:
Dungeon (2/15) Zot: 10770

Altars:

Annotations:
D:2 Terence


Innate Abilities, Weirdness & Mutations

You are partially covered in slimy green scales. (AC +2)


Message History

Terence writhes in agony.
Terence zaps a wand.
The roots erupt in riotous growth!
The grasping roots grab you! The grasping roots constrict you.
You miscast Necrotise.
You are very lightly contaminated with residual magic.
Nothing appears to happen.
The grasping roots constrict you.
You are too injured to fight recklessly!
Casting: Necrotise (safe; 3% risk of failure)
Confirm with . or Enter, or press ? or * to list all spells.
Aiming: Necrotise (safe; 3% risk of failure)
Press: ? - help, Shift-Dir - straight line, f/p - Terence
Aim: Terence, wielding a +0 flail, wearing a +0 scale mail and carrying a wand of roots (10) (moderately wounded, chance to affect: 83%) Terence writhes in agony.
Terence asks, "Do you want it fast or slow?"
The grasping roots constrict you.
Casting: Necrotise (safe; 3% risk of failure)
Confirm with . or Enter, or press ? or * to list all spells.
Aiming: Necrotise (safe; 3% risk of failure)
Press: ? - help, Shift-Dir - straight line, f/p - Terence
Aim: Terence, wielding a +0 flail, wearing a +0 scale mail and carrying a wand of roots (10) (heavily wounded, chance to affect: 83%) Terence writhes in agony.
The grasping roots constrict you.
The grasping roots release their grip on you.
Throw: 6 boomerangs (silver)
Press: ? - help, Shift-Dir - straight line, f/p - Terence
Aim: Terence, wielding a +0 flail, wearing a +0 scale mail and carrying a wand of roots (10) (heavily wounded, 61% to hit)
You throw a silver boomerang.
The silver boomerang hits Terence and shatters, but does no damage.
Terence is heavily wounded.
You hit Terence.
Terence is severely wounded.
Terence hits you with a +0 flail.
You closely miss Terence.
Terence is severely wounded.
Terence hits you with a +0 flail.
* * * LOW HITPOINT WARNING * * *
You hit Terence but do no damage.
Terence is severely wounded.
Terence hits you with a +0 flail!
You die...

#.#.##P........_.)P....PP#
#....#..)P..P..#....PP...#
###...##..P....#.P.PPP.##.#
###.#...P...#.P.P...# ##
#..###....#.P.P###.#
#...#.#########.. ##
#####...##### .#.
#.##...........###.. #.
............@@....).
..##...........###..
#####...##### #...# #...#
#...# ##[## #.## #.[#


You could see Terence.

Vanquished Creatures
  3 adders (D:2)
  2 dart slugs (D:1)
  4 ball pythons
  A bat (D:1)
  3 endoplasms
  A giant cockroach (D:1)
  3 goblins
  A hobgoblin (D:2)
  A kobold (D:1)
  A quokka (D:1)
  A frilled lizard (D:2)
  A rat (D:1)
22 creatures vanquished.

Vanquished Creatures (collateral kills)
  A bat (D:2)
  2 jackals (D:1)
  A ball python (D:1)
4 creatures vanquished.

Grand Total: 26 creatures vanquished

Notes
Turn   | Place    | Note
-------+----------+-------------------------------------------
     0 | D:1      | SacredBeard the Demonspawn Necromancer began the quest for
                  | the Orb.
     0 | D:1      | Reached XP level 1. HP: 13/13 MP: 3/3
   341 | D:1      | Gained mutation: You are partially covered in slimy green
                  | scales. (AC +2) [demonic ancestry]
   341 | D:1      | Reached XP level 2. HP: 14/19 MP: 5/5
   955 | D:2      | Found a faded altar of an unknown god.
   968 | D:2      | Reached XP level 3. HP: 23/25 MP: 2/6
  1152 | D:2      | Reached skill level 5 in Necromancy
  1216 | D:2      | Noticed Terence
  1224 | D:2      | Slain by Terence

Illustrated notes

Levels and vault maps discovered:
D:1:      evilmike_arrival_hilbert_curve, layout_rooms, minmay_misc_feat_square
D:2:      layout_loops_cross, shapermc_ecumenical_altar_gd, uniq_terence

Skill      XL: |  1  2  3 |
---------------+----------+-----
Stealth        | 2 |  2.1
Dodging        | 2 |  2.0
Necromancy     | 5 |  5.0
Fighting       | |  0.9
Throwing       | |  0.5
Armour         | |  0.7
Spellcasting   | |  2.2

Action                     || total
---------------------------++-------
  Melee: Club              ||    18
         Unarmed           ||    13
         Dagger            ||    77
         Punch             ||     1
  Throw: Boomerang         ||     1
   Cast: Necrotise         ||    33
 Armour: Robe              ||     6
         Leather armour    ||    29
  Dodge: Dodged            ||    74
